 Dungeon Crawl Stone Soup version 0.32-a0-607-g64ea0e4219 (webtiles) character file.

Game seed: 9039735312396821133

29 adelrune the Shooter (level 3, -1/28 HPs)
             Began as a Coglin Hunter on Mar 3, 2024.
             Slain by a cerulean imp
             ... wielding a +2 spear
             ... summoned by Natasha
              (7 damage)
             ... on level 1 of the Dungeon.
             The game lasted 00:01:52 (1076 turns).

adelrune the Shooter (Coglin Hunter)                Turns: 1076, Time: 00:01:53

Health: -1/28      AC:  4    Str: 11    XL:     3   Next: 16%
Magic:  3/3        EV: 12    Int:  8    God:
Gold:   54         SH:  0    Dex: 19    Spells: 2/2 levels left

rFire   . . .        a - +2 sling {Apolônia}
rCold   . . .        d - +0 sling {Appius}
rNeg    . . .        c - +0 leather armour
rPois   .            h - +0 helmet
rElec   .            (no cloak)
rCorr   .            (no gloves)
SInv    .            (no boots)
Will    .....        (amulet unavailable)
Stlth   ++           (ring unavailable)
HPRegen 0.24/turn    (ring unavailable)
MPRegen 0.08/turn    (no gizmo)

%: no passive effects
@: slowed, revved, very slow
A: off-hand wielding, slow wielding, warmup strikes, no jewellery
a: Invent Gizmo


You were on level 1 of the Dungeon.
You visited 1 branch of the dungeon, and saw 2 of its levels.

You collected 54 gold pieces.

Inventory:

Hand Weapons
 a - a +2 sling (weapon) {Apolônia}
 d - a +0 sling (offhand) {Appius}
Armour
 c - a +0 leather armour (worn)
 h - a +0 helmet (worn)
Scrolls
 b - a scroll of butterflies
 e - a scroll of teleportation {unknown}
 f - a scroll of identify {unknown}
Potions
 g - a potion of haste {unknown}
 i - a potion of enlightenment {unknown}


   Skills:
 + Level 2.3 Fighting
 * Level 4.0 Ranged Weapons
 + Level 2.1 Dodging
 + Level 1.3 Stealth


You had 2 spell levels left.
You didn't know any spells.
Your spell library contained the following spells:

 Spells                   Type           Power      Damage    Failure   Level
 Lesser Beckoning         Tloc           0%         N/A       65%         2
 Gell's Gravitas          Tloc           0%         N/A       86%         3
 Teleport Other           Tloc           0%         N/A       86%         3


Dungeon Overview and Level Annotations

Branches:
Dungeon (2/15)

Altars:

Annotations:
D:1 Natasha


Innate Abilities, Weirdness & Mutations

You can wield a second weapon in your off-hand.
It takes a long time for you to wield or remove held weapons.
Your first few attacks do less damage.
You cannot equip rings or amulets.


Message History

You shoot a sling bullet.
The sling bullet hits the cerulean imp but does no damage.
The cerulean imp is moderately wounded.
You shoot a sling bullet. The sling bullet hits the cerulean imp.
The cerulean imp is heavily wounded.
The cerulean imp hits you but does no damage.
Natasha mumbles some strange words.
Fire: a) +2 sling {Apolônia}
Press: ? - help, Q - select action, (/) - cycle Shift-Dir - straight line, f/p - cerulean imp
Aim: a cerulean imp, wielding a +2 spear (heavily wounded, summoned, 51% to hit)
You shoot a sling bullet. The sling bullet hits the cerulean imp!
You kill the cerulean imp!
The cerulean imp disappears in a puff of smoke!
You shoot a sling bullet. The sling bullet hits Natasha.
Natasha is moderately wounded.
Fire: a) +2 sling {Apolônia}
Press: ? - help, Q - select action, (/) - cycle Shift-Dir - straight line, f - Natasha
Aim: Natasha (moderately wounded, 58% to hit)
You shoot a sling bullet.
The sling bullet closely misses Natasha.
You shoot a sling bullet. The sling bullet barely misses Natasha.
Natasha stares at you and mumbles some strange words.
You feel yourself slow down.
The cerulean imp hits you from afar with a +2 spear.
* * * LOW HITPOINT WARNING * * *
Fire: a) +2 sling {Apolônia}
Press: ? - help, Q - select action, (/) - cycle Shift-Dir - straight line, f/p - Natasha
Aim: Natasha (moderately wounded, 58% to hit)
You shoot a sling bullet.
The sling bullet hits Natasha but does no damage.
Natasha is moderately wounded.
You shoot a sling bullet. The sling bullet hits Natasha.
Natasha is heavily wounded.
Natasha casts a spell at you. You resist with significant effort.
The cerulean imp hits you from afar with a +2 spear!
You die...

# #.# #.###).......# ##. #.# #.#
#.###.#### #. #####.#####.# #.#
#.# #. # #.........#.###.###.#
##' ## #.###.###.#.........# ##..
.## #.#.......#####.##########...
..###.#...###.# #.........##....
...##.#.....#.####..#...##)#.....
...'......5...5h@..........'.....
...##.#.......####(.#...##.#.....
..###.##.##.#.# #.....###.##....
.## #.........# #.###.# #.###...
## #######.### #.# #.# #.# ##.. #
#.# #.###.###.# ##' #.#
#.........# #. #5# #####.##### #.
# #.# #.........# ##.


You could see Natasha and 2 cerulean imps.

Vanquished Creatures
  A ribbon worm (D:1)
  2 endoplasms (D:1)
  2 giant cockroaches (D:1)
  3 goblins (D:1)
  A hobgoblin (D:1)
  4 jackals (D:1)
  4 kobolds (D:1)
  A quokka (D:1)
  2 ball pythons (D:1)
  A frilled lizard (D:1)
  3 rats (D:1)
24 creatures vanquished.

Notes
Turn   | Place    | Note
-------+----------+-------------------------------------------
     0 | D:1      | adelrune the Coglin Hunter began the quest for the Orb.
     0 | D:1      | Reached XP level 1. HP: 16/16 MP: 1/1
    75 | D:1      | Reached skill level 1 in Stealth
    76 | D:1      | Reached XP level 2. HP: 22/22 MP: 2/2
   732 | D:1      | Reached skill level 4 in Ranged Weapons
   732 | D:1      | Reached XP level 3. HP: 27/27 MP: 3/3
   961 | D:2      | Noticed Natasha
  1076 | D:1      | Slain by a cerulean imp

Illustrated notes

Levels and vault maps discovered:
D:1:      dpeg_arrival_lava_temple_mockup, layout_loops_corners,
          minmay_pentomino_u4
D:2:      layout_basic, basic_altar, uniq_jessica, uniq_natasha

Skill      XL: |  1  2 |
---------------+-------+-----
Stealth        | 1 |  1.3
Dodging        | 2 |  2.1
Ranged Weapons | 4 |  4.0
Fighting       | |  2.3

Action                     || total
---------------------------++-------
   Fire: Sling             ||    94
 Armour: Leather armour    ||    26
  Dodge: Dodged            ||    10

Table legend: (Time is in decaauts)
 A = Elapsed time spent in this place.
 B = Non-inter-level travel time spent in this place.
 C = Inter-level travel time spent in this place.
 D = Time resting spent in this place.
 E = Time spent auto-exploring this place.
 F = Levels seen in this place.
 G = Mean time per level.
                   A        B        C        D        E       F      G
               +--------+--------+--------+--------+--------+-----+--------+
         Total |   1089 |   1034 |     55 |     56 |    839 |   2 |  544.5 |
       Dungeon |   1089 |   1034 |     55 |     56 |    839 |   2 |  544.5 |
               +--------+--------+--------+--------+--------+-----+--------+

Top non-repeatable levels by time:
     D:1: 1076 daAuts
     D:2: 13 daAuts
